 Dungeon Crawl Stone Soup version 0.28-a0-984-g3775c662fe (webtiles) character file.

Game seed: 12027656717645612534

193 meatgazer the Skirmisher (level 5, 0/44 HPs)
             Began as a Demonspawn Abyssal Knight on Dec 3, 2021.
             Was a Believer of Lugonu.
             Slain by Sigmund (9 damage)
             ... on level 2 of the Dungeon.
             The game lasted 00:03:23 (1893 turns).

meatgazer the Skirmisher (DsAK)                     Turns: 1893, Time: 00:03:24

Health: 0/44       AC:  4    Str: 14 (15) XL:     5   Next: 43%
Magic:  7/7        EV:  8    Int:  9 (12) God:    Lugonu [**....]
Gold:   89         SH:  6    Dex: 10 (13) Spells: 4/4 levels left

rFire   x . .      SeeInvis .   a - +2 falchion
rCold   . . .      Faith    .   c - +0 kite shield of Winter {rElec rF- Slay+3}
rNeg    . . .      Spirit   .   b - +0 leather armour
rPois   .          Reflect  .   (helmet restricted)
rElec   +          Harm     .   (no cloak)
rCorr   .          Rampage  .   (no gloves)
Will    .....                   (no boots)
Stlth   +.........              (no amulet)
HPRegen 0.14/turn               (no ring)
MPRegen 0.20/turn               (no ring)

@: no status effects
A: antennae 1, rugged brown scales 1, magic regeneration
a: Renounce Religion, Depart the Abyss, Bend Space


You were on level 2 of the Dungeon.
You worshipped Lugonu.
Lugonu was pleased with you.
You visited 1 branch of the dungeon, and saw 3 of its levels.
You visited the Abyss 1 time.

You collected 89 gold pieces.

Inventory:

Hand Weapons
 a - a +2 falchion (weapon)
Armour
 b - a +0 leather armour (worn)
 c - the +0 kite shield of Winter (worn) {rElec rF- Slay+3}
   (You found it on level 2 of the Abyss)

   Slay:      It affects your accuracy & damage with ranged weapons and melee
   (+3).
   rF:        It makes you vulnerable to fire.
   rElec:     It insulates you from electricity.
 d - a +3 plate armour
Wands
 e - a wand of mindburst (3)
 i - a wand of charming (7)
 l - a wand of iceblast (8)
Scrolls
 k - a scroll of amnesia {unknown}
Potions
 h - a potion of flight {unknown}
 j - a potion of brilliance {unknown}


   Skills:
 * Level 4.8 Fighting
 + Level 2.5 Long Blades
 + Level 2.6 Armour
 - Level 0.9 Dodging
 * Level 1.1 Shields
 - Level 3.1 Invocations
 - Level 0.4 Evocations


You had 4 spell levels left.
You didn't know any spells.
Your spell library contained the following spells:

 Spells                   Type           Power      Damage    Failure   Level
 Apportation              Tloc           0%         N/A       97%         1
 Passwall                 Tmut/Erth      0%         N/A       99%         2
 Swiftness                Air            0%         N/A       100%        3
 Alistair's Intoxication  Tmut/Pois      0%         N/A       100%        5


Dungeon Overview and Level Annotations

Branches:
Dungeon (3/15)

Altars:

Annotations:
D:2 Sigmund


Innate Abilities, Weirdness & Mutations

You have a pair of small antennae on your head.
You are partially covered in rugged brown scales. (AC +1, +3% HP)
You regenerate magic rapidly.


Message History

The jackal bites you but does no damage.
The jackal bites you.
The jackal bites you but does no damage.
Sigmund shouts!
You slash the jackal!
You kill the jackal!
Lugonu accepts your kill. You block the jackal's attack.
Sigmund laughs darkly.
The jackal barely misses you.
You slash the jackal!
You kill the jackal!
Lugonu accepts your kill.
Sigmund says, "You will soon forget everything."
Sigmund gestures wildly while chanting.
Sigmund flickers and vanishes!
Deactivating autopickup; reactivate with Ctrl-A.
No target in view!
You hit something. Something hits you!
You barely miss something. Something hits you.
You closely miss something. Something hits you.
You hit something. Something hits you!
You closely miss something. Something hits you!
You barely miss something. Something hits you!
* * * LOW HITPOINT WARNING * * *
It was a potion of degeneration.
There was something very wrong with that liquid.
You feel weakened.
You feel dopey.
You feel clumsy.
It was a potion of heal wounds.
You feel much better. Something hits you!
You miss something. Something hits you but does no damage.
You barely miss something. Something hits you but does no damage.
You miss something. You block something's attack.
You closely miss something. Something hits you.
You closely miss something.
You hear some strange, mumbled words.
A magic dart appears from out of thin air!
The magic dart hits you!
* * * LOW HITPOINT WARNING * * *
You closely miss something. Something hits you!
You die...

####### #..)..#
######.....#
#..........############
#......................
#.....>........@{......
#..........#######.....
#..((......# ...
#..........#### .
###............
#.#<..######
#.###.#######. #.#
#.........
#.###.........


There were no monsters in sight!

Vanquished Creatures
  A neqoxec (Abyss:2)
  An adder (D:2)
  A dart slug (D:2)
  An orc (D:3)
  8 endoplasms
  3 giant cockroaches
  6 goblins
  3 hobgoblins
  3 jackals (D:2)
  A quokka (D:1)
  9 ball pythons
  7 bats
  2 frilled lizards (D:2)
  5 kobolds
  A rat (D:1)
52 creatures vanquished.

Notes
Turn   | Place    | Note
-------+----------+-------------------------------------------
     0 | Abyss:1  | meatgazer the Demonspawn Abyssal Knight began the quest for
                  | the Orb.
     0 | Abyss:1  | Reached XP level 1. HP: 18/18 MP: 2/2
    19 | Abyss:2  | Identified the +0 kite shield of Winter {rElec rF- Slay+3}
    80 | Abyss:2  | Noticed a neqoxec
    86 | Abyss:2  | Killed a neqoxec
    87 | Abyss:2  | Reached skill level 4 in Fighting
    87 | Abyss:2  | Gained mutation: You regenerate magic rapidly. [demonic
                  | ancestry]
    87 | Abyss:2  | Reached XP level 2. HP: 26/26 MP: 2/4
    87 | Abyss:2  | Gained mutation: You have a pair of small antennae on your
                  | head. [demonic ancestry]
    87 | Abyss:2  | Reached XP level 3. HP: 31/31 MP: 2/5
    87 | Abyss:2  | Reached XP level 4. HP: 38/38 MP: 2/6
    87 | Abyss:2  | Noticed a rakshasa
    89 | D:1      | Escaped the Abyss
   638 | D:1      | Gained mutation: You are partially covered in rugged brown
                  | scales. (AC +1, +3% HP) [demonic ancestry]
   638 | D:1      | Reached XP level 5. HP: 32/44 MP: 7/7
   856 | D:1      | Reached ** piety under Lugonu
  1258 | D:1      | Found a faded altar of an unknown god.
  1558 | D:2      | Reached skill level 1 in Shields
  1685 | D:2      | You fall into a shaft and drop 1 floor!
  1876 | D:2      | Noticed Sigmund
  1893 | D:2      | Slain by Sigmund

Illustrated notes

Levels and vault maps discovered:
D:1:      dpeg_arrival_concentric_ovals, layout_basic,
          shapermc_ecumenical_altar_totnotflames
D:2:      layout_rooms, kennysheep_generic_room_12, uniq_sigmund
D:3:      layout_basic, serial_curves, eino_curves_01, eino_curves_02,
          lemuel_old_faithful

Skill      XL: |  1  2  3  4  5 |
---------------+----------------+-----
Fighting       | 4 |  4.8
Long Blades    | 2 |  2.5
Armour         | 2 |  2.6
Invocations    | 3 |  3.1
Shields        | 1 |  1.1
Dodging        | |  0.9
Evocations     | |  0.4

Action                   |  1- 3 |  4- 6 || total
-------------------------+-------+-------++-------
Melee: Falchion          |       |   119 ||   119
Evoke: Wand              |     5 |       ||     5
  Use: Scroll            |       |     2 ||     2
       Potion            |       |     2 ||     2
Armor: Leather armour    |       |    46 ||    46
Dodge: Dodged            |       |    60 ||    60
Block: Kite shield       |       |    50 ||    50

Table legend: (Time is in decaauts)
 A = Elapsed time spent in this place.
 B = Non-inter-level travel time spent in this place.
 C = Inter-level travel time spent in this place.
 D = Time resting spent in this place.
 E = Time spent auto-exploring this place.
 F = Levels seen in this place.
 G = Mean time per level.
                   A        B        C        D        E       F      G
               +--------+--------+--------+--------+--------+-----+--------+
         Total |   1946 |   1918 |     28 |    218 |   1325 |   5 |  389.2 |
       Dungeon |   1857 |   1829 |     28 |    218 |   1281 |   3 |  619.0 |
         Abyss |     88 |     88 |      0 |      0 |     44 |   2 |   44.0 |
               +--------+--------+--------+--------+--------+-----+--------+

Top non-repeatable levels by time:
     D:1: 1365 daAuts
     D:2: 307 daAuts
     D:3: 185 daAuts
 Abyss:2: 74 daAuts
 Abyss:1: 14 daAuts
